 Dungeon Crawl Stone Soup version 0.27.0-1-g7a089689b8 (webtiles) character file.

Game seed: 17233551429755766568

95 thirtiethelement the Skirmisher (level 4, -2/36 HPs)
             Began as a Demonspawn Abyssal Knight on Aug 11, 2021.
             Was a Believer of Lugonu.
             Frozen to death by an endoplasm (5 damage)
             ... on level 2 of the Dungeon.
             The game lasted 00:04:31 (2331 turns).

thirtiethelement the Skirmisher (DsAK)              Turns: 2331, Time: 00:04:32

Health: -2/36      AC:  3    Str: 13    XL:     4   Next: 40%
Magic:  5/5        EV:  8    Int: 14    God:    Lugonu [**....]
Gold:   115        SH:  7    Dex: 12    Spells: 3/3 levels left

rFire    . . .     SeeInvis .   a - +1 falchion
rCold    . . .     Faith    .   g - +0 kite shield
rNeg     . . .     Spirit   .   b - +0 leather armour
rPois    .         Reflect  .   (no helmet)
rElec    .         Harm     .   (no cloak)
rCorr    +         Rampage  .   (no gloves)
Will     .....                  (no boots)
Stlth    +.........             (no amulet)
HPRegen  0.12/turn              c - ring of resist corrosion
MPRegen  0.09/turn              (no ring)

@: no status effects
A: talons 1
a: Renounce Religion, Depart the Abyss, Bend Space


You were on level 2 of the Dungeon.
You worshipped Lugonu.
Lugonu was pleased with you.
You visited 1 branch of the dungeon, and saw 2 of its levels.
You visited the Abyss 1 time.

You collected 115 gold pieces.

Inventory:

Hand Weapons
 a - a +1 falchion (weapon)
 m - a +3 dagger of venom
Armour
 b - a +0 leather armour (worn)
 g - a +0 kite shield (worn)
 n - a +0 robe of the Archmagi
Jewellery
 c - a ring of resist corrosion (left hand)
Wands
 d - a wand of polymorph (8)
Scrolls
 f - a scroll of identify {unknown}
 h - a scroll of torment {unknown}
 i - 3 scrolls of noise {unknown}
 l - a scroll of immolation {unknown}
Potions
 e - 2 potions of might {unknown}
 j - a potion of resistance {unknown}
 k - a potion of mutation {unknown}


   Skills:
 + Level 3.6 Fighting
 + Level 2.4 Long Blades
 + Level 2.2 Armour
 + Level 1.1 Dodging
 + Level 1.0 Stealth
 * Level 1.6 Shields
 + Level 2.6 Invocations


You had 3 spell levels left.
You didn't know any spells.
Your spell library contained the following spells:

 Spells                   Type           Power      Damage    Failure   Level
 Ignite Poison            Fire/Tmut/Pois 0%         N/A       99%         3
 Mephitic Cloud           Conj/Pois/Air  0%         N/A       99%         3
 Airstrike                Air            0%         N/A       100%        4
 Summon Lightning Spire   Summ/Air       0%         N/A       100%        4
 Bolt of Magma            Conj/Fire/Erth 0%         4d4       100%        5
 Lightning Bolt           Conj/Air       0%         1d11      100%        5


Dungeon Overview and Level Annotations

Branches:
Dungeon (2/15)

Altars:
Cheibriados


Innate Abilities, Weirdness & Mutations

You have sharp toenails.


Message History

The quokka bites you but does no damage.
The jackal closely misses you.
You hit the quokka.
You kill the quokka!
Lugonu accepts your kill.
You can now bend space around yourself.
The jackal closely misses you. You block the jackal's attack.
The endoplasm freezes you.
You are frozen.
You hit the jackal.
The jackal is lightly wounded.
The jackal bites you but does no damage.
You block the endoplasm's attack.
The jackal bites you but does no damage.
You slash the jackal!
You kill the jackal!
Lugonu accepts your kill. The endoplasm freezes you.
You are frozen.
The endoplasm freezes you.
You are frozen.
* * * LOW HITPOINT WARNING * * *
You hit the endoplasm.
The endoplasm is heavily wounded.
The endoplasm freezes you.
You are frozen.
* * * LOW HITPOINT WARNING * * *
You hit the endoplasm.
You kill the endoplasm!
Lugonu accepts your kill.
The endoplasm hits you but does no damage.
You completely miss the endoplasm. You block the endoplasm's attack.
You hit the endoplasm. You claw the endoplasm.
The endoplasm is almost dead.
The endoplasm freezes you.
You are frozen.
* * * LOW HITPOINT WARNING * * *
The endoplasm jiggles.
The endoplasm freezes you.
You are frozen.
You die...

### ##. ## ###. #.. ...
.!# ## #. ....###.# #.#
#.# ..# #. #.....>###.#
#.# #.# # #...##.# #..
... ###.##..#.#.# #.###.#
.......###..# #.#.†.#
######....#.###.#J###.##
.......†...#....@††......
######.#.##.###.##.###.#.
# #.####.# #....# ##
#.####.# #.#### .#
#.##...# #..
.#####.##.### #.# ##
.......##.# #.# #.
.####..##.# ..# #. .#
#..##.# #.


You could see an endoplasm.

Vanquished Creatures
  Jessica (D:2)
  An adder (D:2)
  A white imp (Abyss:2)
  A dart slug (D:1)
  4 bats
  3 endoplasms
  A giant cockroach (D:1)
  3 goblins (D:1)
  5 hobgoblins
  8 jackals
  2 quokkas
  4 ball pythons
  6 frilled lizards
  5 kobolds
  5 rats
50 creatures vanquished.

Notes
Turn   | Place    | Note
-------+----------+-------------------------------------------
     0 | Abyss:1  | thirtiethelement the Demonspawn Abyssal Knight began the
                  | quest for the Orb.
     0 | Abyss:1  | Reached XP level 1. HP: 18/18 MP: 2/2
    39 | Abyss:2  | Noticed a smoke demon
    41 | Abyss:2  | Noticed a small abomination
    47 | Abyss:2  | Found a corrupted altar of Lugonu.
   172 | Abyss:3  | Noticed a neqoxec
   183 | Abyss:3  | Noticed an air elemental
   183 | Abyss:3  | Paralysed by an air elemental for 1 turns
   184 | D:1      | Escaped the Abyss
   492 | D:1      | Found a faded altar of an unknown god.
   511 | D:1      | Gained mutation: You have sharp toenails. [demonic
                  | ancestry]
   511 | D:1      | Reached XP level 2. HP: 24/24 MP: 3/3
  1091 | D:1      | Reached * piety under Lugonu
  1441 | D:1      | Reached XP level 3. HP: 24/29 MP: 4/4
  1718 | D:2      | Reached skill level 1 in Shields
  2019 | D:2      | Found a snail-covered altar of Cheibriados.
  2099 | D:2      | Reached skill level 1 in Dodging
  2141 | D:2      | Noticed Jessica
  2145 | D:2      | Killed Jessica
  2146 | D:2      | Reached skill level 1 in Stealth
  2146 | D:2      | Reached XP level 4. HP: 26/36 MP: 5/5
  2325 | D:2      | Reached ** piety under Lugonu
  2331 | D:2      | Frozen to death by an endoplasm

Illustrated notes

Levels and vault maps discovered:
D:1:      mrwooster_arrival_statue, layout_loops_corners,
          shapermc_ecumenical_altar_starsandcircs, minmay_three_crescents
D:2:      minmay_diamond_boxcup, layout_loops_ring, basic_altar,
          minmay_indecisive_spiral, uniq_jessica

Skill      XL: |  1  2  3 |
---------------+----------+-----
Long Blades    | 2 |  2.4
Armour         | 2 |  2.2
Shields        | 1 |  1.6
Dodging        | 1 |  1.1
Stealth        | 1 |  1.0
Fighting       | |  3.6
Invocations    | |  2.6

Action                   |  1- 3 |  4- 6 || total
-------------------------+-------+-------++-------
Melee: Falchion          |    88 |    19 ||   107
       Kick              |    23 |     3 ||    26
Invok: Depart the Abyss  |     1 |       ||     1
  Use: Scroll            |     2 |       ||     2
 Stab: Sleeping          |     3 |       ||     3
Armor: Leather armour    |    14 |     9 ||    23
Dodge: Dodged            |    23 |    14 ||    37
Block: Kite shield       |    32 |    15 ||    47
       Rpst.: Falchion   |     4 |     4 ||     8
